TOP OF THE 1ST |
Pennsauken Flyers batting - Pitching for Phoenix Hotspur Reserves : LHP José Santiago
|
Pitching: LHP José Santiago
|
|
Batting: RHB Marc Beck
|
0-0: Ball 1-0: Foul Ball, location: 2F 1-1: Swinging Strike 1-2: Foul Ball, location: 2F 1-2: Foul Ball, location: 2F 1-2: Ground out 4-3 (Groundball, 4)
|
Batting: RHB Dave Ash
|
0-0: Ball 1-0: Ground out 1-3 (Groundball, 13S)
|
Batting: RHB José Rodríguez
|
0-0: Ball 1-0: Ground out 5-3 (Groundball, 56)
|
Top of the 1st over - 0 runs, 0 hits, 0 errors, 0 left on base; Pennsauken 0 - Phoenix 0 |
BOTTOM OF THE 1ST |
Phoenix Hotspur Reserves batting - Pitching for Pennsauken Flyers : RHP Cristóbal Román
|
Pitching: RHP Cristóbal Román
|
|
Batting: LHB Jason DeGeorge
|
0-0: Swinging Strike 0-1: Fly out, F4 (Popup, 34D)
|
Batting: RHB James Turner
|
0-0: Swinging Strike 0-1: Ball 1-1: Swinging Strike 1-2: Strikes out swinging
|
Batting: LHB Mare Riseley
|
0-0: Ground out 1-3 (Groundball, 15S)
|
Bottom of the 1st over - 0 runs, 0 hits, 0 errors, 0 left on base; Pennsauken 0 - Phoenix 0 |
TOP OF THE 2ND |
Pennsauken Flyers batting - Pitching for Phoenix Hotspur Reserves : LHP José Santiago
|
Batting: RHB Leo Cadden
|
0-0: Ball 1-0: Ball 2-0: Called Strike 2-1: Called Strike 2-2: Ball 3-2: Fly out, F7 (Flyball, 7S)
|
Batting: RHB Raúl Moreno
|
0-0: Ball 1-0: Ball 2-0: Called Strike 2-1: Ball 3-1: Base on Balls
|
Batting: LHB Arana Sashi
|
0-0: Called Strike 0-1: Called Strike 0-2: Ball 1-2: Strikes out swinging
|
Batting: RHB Clarence Therrien
|
0-0: Foul Ball, location: 2F 0-1: Ground out 4-3 (Groundball, 34)
|
Top of the 2nd over - 0 runs, 0 hits, 0 errors, 1 left on base; Pennsauken 0 - Phoenix 0 |
BOTTOM OF THE 2ND |
Phoenix Hotspur Reserves batting - Pitching for Pennsauken Flyers : RHP Cristóbal Román
|
Batting: RHB Hieronymus Bosch
|
0-0: Ball 1-0: Ball 2-0: Ball 3-0: Base on Balls
|
Batting: RHB Carl Tucker
|
0-0: Ball 1-0: Swinging Strike 1-1: Ball 2-1: Foul Ball, location: 2F 2-2: SINGLE (Groundball, 56D) Hieronymus Bosch to second
|
Batting: RHB Solomon Norment
|
0-0: Foul Ball, location: 2F 0-1: Ball 1-1: Called Strike 1-2: Ball 2-2: Foul Ball, location: 2F 2-2: SINGLE (Groundball, 56D) Hieronymus Bosch to third Carl Tucker to second Runner from 3rd tries for Home, SAFE, no throw
|
Batting: RHB Jim Justice
|
0-0: Called Strike 0-1: Grounds into double play, 4-6-3 (Groundball, 4) Carl Tucker to third
|
Batting: RHB Germán Alfaro
|
0-0: Foul Ball, location: 2F 0-1: Ball 1-1: Ball 2-1: Foul Ball, location: 2F 2-2: Ball 3-2: Ground out 5-3 (Groundball, 5S)
|
Bottom of the 2nd over - 1 run, 2 hits, 0 errors, 1 left on base; Pennsauken 0 - Phoenix 1 |
TOP OF THE 3RD |
Pennsauken Flyers batting - Pitching for Phoenix Hotspur Reserves : LHP José Santiago
|
Batting: SHB Chris Williamson
|
0-0: Ball 1-0: Fly out, F8 (Flyball, 78M)
|
Batting: RHB John Downing
|
0-0: Ball 1-0: Called Strike 1-1: Fly out, F6 (Line Drive, 6)
|
Batting: RHB Marc Beck
|
0-0: Called Strike 0-1: Foul Ball, location: 2F 0-2: Ground out 5-3 (Groundball, 56)
|
Top of the 3rd over - 0 runs, 0 hits, 0 errors, 0 left on base; Pennsauken 0 - Phoenix 1 |
BOTTOM OF THE 3RD |
Phoenix Hotspur Reserves batting - Pitching for Pennsauken Flyers : RHP Cristóbal Román
|
Batting: RHB Satoshi Terada
|
0-0: Foul Ball, location: 2F 0-1: Ball 1-1: Ground out 5-3 (Groundball, 56S)
|
Batting: LHB Jason DeGeorge
|
0-0: Called Strike 0-1: Called Strike 0-2: Foul Ball, location: 2F 0-2: Foul Ball, location: 2F 0-2: Ball 1-2: DOUBLE (Line Drive, 9LM)
|
Batting: RHB James Turner
|
0-0: Ball 1-0: Called Strike 1-1: Swinging Strike 1-2: Foul Ball, location: 2F 1-2: Ball 2-2: Foul Ball, location: 2F 2-2: Ground out 4-3 (Groundball, 4) Jason DeGeorge to third
|
Batting: LHB Mare Riseley
|
0-0: SINGLE (Flyball, 34D) Jason DeGeorge scores
|
Batting: RHB Hieronymus Bosch
|
0-0: Called Strike 0-1: Fly out, F8 (Flyball, 8LXD)
|
Bottom of the 3rd over - 1 run, 2 hits, 0 errors, 1 left on base; Pennsauken 0 - Phoenix 2 |
TOP OF THE 4TH |
Pennsauken Flyers batting - Pitching for Phoenix Hotspur Reserves : LHP José Santiago
|
Batting: RHB Dave Ash
|
0-0: Foul Ball, location: 2F 0-1: Fly out, F7 (Line Drive, 7D)
|
Batting: RHB José Rodríguez
|
0-0: Ball 1-0: Called Strike 1-1: Foul Ball, location: 2F 1-2: Ball 2-2: Strikes out looking
|
Batting: RHB Leo Cadden
|
0-0: Ball 1-0: Called Strike 1-1: Ball 2-1: Called Strike 2-2: Fly out, F8 (Flyball, 8LS)
|
Top of the 4th over - 0 runs, 0 hits, 0 errors, 0 left on base; Pennsauken 0 - Phoenix 2 |
BOTTOM OF THE 4TH |
Phoenix Hotspur Reserves batting - Pitching for Pennsauken Flyers : RHP Cristóbal Román
|
Batting: RHB Carl Tucker
|
0-0: Ground out 1-3 (Groundball, 15S)
|
Batting: RHB Solomon Norment
|
0-0: SINGLE (Groundball, 25) (infield hit)
|
Batting: RHB Jim Justice
|
0-0: Called Strike 0-1: Ball 1-1: Foul Ball, location: 2F 1-2: Ball 2-2: Ball 3-2: Grounds into double play, 6-4-3 (Groundball, 6)
|
Bottom of the 4th over - 0 runs, 1 hit, 0 errors, 0 left on base; Pennsauken 0 - Phoenix 2 |
TOP OF THE 5TH |
Pennsauken Flyers batting - Pitching for Phoenix Hotspur Reserves : LHP José Santiago
|
Batting: RHB Raúl Moreno
|
0-0: Ball 1-0: Ground out 5-3 (Groundball, 56S)
|
Batting: LHB Arana Sashi
|
0-0: Swinging Strike 0-1: Swinging Strike 0-2: Foul Ball, location: 2F 0-2: Strikes out swinging
|
Batting: RHB Clarence Therrien
|
0-0: Foul Ball, location: 2F 0-1: Called Strike 0-2: Ball 1-2: Ball 2-2: Ball 3-2: Base on Balls
|
Batting: SHB Chris Williamson
|
0-0: Called Strike Clarence Therrien steals 2nd base 0-1: Ball 1-1: SINGLE (Groundball, 15S) (infield hit) Clarence Therrien to third
|
Batting: RHB John Downing
|
0-0: Fly out, F2 (Popup, 23F)
|
Top of the 5th over - 0 runs, 1 hit, 0 errors, 2 left on base; Pennsauken 0 - Phoenix 2 |
BOTTOM OF THE 5TH |
Phoenix Hotspur Reserves batting - Pitching for Pennsauken Flyers : RHP Cristóbal Román
|
Batting: RHB Germán Alfaro
|
0-0: Called Strike 0-1: Ball 1-1: Ball 2-1: Called Strike 2-2: Ball 3-2: Strikes out swinging
|
Batting: RHB Satoshi Terada
|
0-0: Swinging Strike 0-1: Foul Ball, location: 2F 0-2: Ball 1-2: SINGLE (Groundball, 6MD)
|
Batting: LHB Jason DeGeorge
|
0-0: Called Strike 0-1: Ball 1-1: Grounds into double play, 1-4-3 (Groundball, 15)
|
Bottom of the 5th over - 0 runs, 1 hit, 0 errors, 0 left on base; Pennsauken 0 - Phoenix 2 |
TOP OF THE 6TH |
Pennsauken Flyers batting - Pitching for Phoenix Hotspur Reserves : LHP José Santiago
|
Batting: RHB Marc Beck
|
0-0: Called Strike 0-1: Ball 1-1: Ball 2-1: Called Strike 2-2: Ball 3-2: Base on Balls
|
Batting: RHB Dave Ash
|
0-0: Ball 1-0: Ball 2-0: Bunted foul 2-1: Sac Bunt - play at first, batter OUT! 5-4 Marc Beck to second
|
Batting: RHB José Rodríguez
|
0-0: Called Strike 0-1: Called Strike 0-2: Ground out 6-3 (Groundball, 6) Marc Beck to third
|
Batting: RHB Leo Cadden
|
0-0: Called Strike 0-1: Ball 1-1: Ball 2-1: Foul Ball, location: 2F 2-2: Strikes out swinging
|
Top of the 6th over - 0 runs, 0 hits, 0 errors, 1 left on base; Pennsauken 0 - Phoenix 2 |
BOTTOM OF THE 6TH |
Phoenix Hotspur Reserves batting - Pitching for Pennsauken Flyers : RHP Cristóbal Román
|
Batting: RHB James Turner
|
0-0: Ball 1-0: Swinging Strike 1-1: Foul Ball, location: 2F 1-2: Ball 2-2: Foul Ball, location: 2F 2-2: Fly out, F9 (Flyball, 9)
|
Batting: LHB Mare Riseley
|
0-0: Ball 1-0: Foul Ball, location: 2F 1-1: SINGLE (Line Drive, 89S)
|
Batting: RHB Hieronymus Bosch
|
0-0: Ball 1-0: Called Strike 1-1: Ball Pickoff Throw by Catcher to First - Error! E2 Mare Riseley to second 2-1: Fly out, F8 (Flyball, 8LXD) Runner from 2nd tags up, SAFE at 3rd, no throw
|
Batting: RHB Carl Tucker
|
0-0: Ball 1-0: Called Strike 1-1: 2-RUN HOME RUN (Flyball, 7D), Distance : 374 ft
|
Batting: RHB Solomon Norment
|
0-0: Ball 1-0: Ball 2-0: Called Strike 2-1: Ball 3-1: Base on Balls
|
Batting: RHB Jim Justice
|
0-0: Foul Ball, location: 2F 0-1: Ball 1-1: Ball 2-1: Ball 3-1: Fielders Choice at 2nd, 5-4 (Groundball, 56)
|
Bottom of the 6th over - 2 runs, 2 hits, 1 error, 1 left on base; Pennsauken 0 - Phoenix 4 |
TOP OF THE 7TH |
Pennsauken Flyers batting - Pitching for Phoenix Hotspur Reserves : LHP José Santiago
|
Batting: RHB Raúl Moreno
|
0-0: Foul Ball, location: 2F 0-1: Called Strike 0-2: Foul Ball, location: 2F 0-2: Foul Ball, location: 2F 0-2: Strikes out swinging
|
Batting: LHB Arana Sashi
|
0-0: Called Strike 0-1: Swinging Strike 0-2: Fly out, F9 (Line Drive, 9D)
|
Batting: RHB Clarence Therrien
|
0-0: Ball 1-0: Ball 2-0: Called Strike 2-1: Foul Ball, location: 2F 2-2: Foul Ball, location: 2F 2-2: Strikes out looking
|
Top of the 7th over - 0 runs, 0 hits, 0 errors, 0 left on base; Pennsauken 0 - Phoenix 4 |
BOTTOM OF THE 7TH |
Phoenix Hotspur Reserves batting - Pitching for Pennsauken Flyers : RHP Cristóbal Román
|
Batting: RHB Germán Alfaro
|
0-0: SINGLE (Line Drive, 56D)
|
Batting: RHB Satoshi Terada
|
0-0: Called Strike 0-1: SINGLE (Groundball, 56D) Germán Alfaro to second
|
Batting: LHB Jason DeGeorge
|
0-0: Called Strike 0-1: Ball 1-1: Ball 2-1: Swinging Strike 2-2: Ball 3-2: Fly out, F8 (Flyball, 8RXD) Runner from 2nd tags up, SAFE at 3rd, no throw
|
Pitching: RHP Romano Martínez
|
|
Batting: RHB James Turner
|
0-0: Ball 1-0: Foul Ball, location: 2F 1-1: Called Strike 1-2: Ball 2-2: Strikes out looking
|
Batting: LHB Mare Riseley
|
0-0: Called Strike 0-1: Ball 1-1: Ball 2-1: SINGLE (Groundball, 56D) Germán Alfaro scores Satoshi Terada to second
|
Batting: RHB Hieronymus Bosch
|
0-0: Ball 1-0: Swinging Strike 1-1: Foul Ball, location: 2F 1-2: Strikes out swinging
|
Bottom of the 7th over - 1 run, 3 hits, 0 errors, 2 left on base; Pennsauken 0 - Phoenix 5 |
TOP OF THE 8TH |
Pennsauken Flyers batting - Pitching for Phoenix Hotspur Reserves : LHP José Santiago
|
Batting: SHB Chris Williamson
|
0-0: Swinging Strike 0-1: Swinging Strike 0-2: Foul Ball, location: 2F 0-2: Strikes out looking
|
Batting: RHB John Downing
|
0-0: Ball 1-0: SINGLE (Line Drive, 34D)
|
Batting: RHB Marc Beck
|
0-0: Ball 1-0: Fielders Choice at 2nd, 5-4 (Groundball, 56)
|
Batting: RHB Dave Ash
|
0-0: Swinging Strike 0-1: Ground out 5-3 (Groundball, 56S)
|
Top of the 8th over - 0 runs, 1 hit, 0 errors, 1 left on base; Pennsauken 0 - Phoenix 5 |
BOTTOM OF THE 8TH |
Phoenix Hotspur Reserves batting - Pitching for Pennsauken Flyers : RHP Romano Martínez
|
Batting: RHB Carl Tucker
|
0-0: Ball 1-0: Ground out 5-3 (Groundball, 56)
|
Batting: RHB Solomon Norment
|
0-0: Foul Ball, location: 2F 0-1: Foul Ball, location: 2F 0-2: Fly out, F8 (Flyball, 8LD)
|
Batting: RHB Jim Justice
|
0-0: Ball 1-0: Ball 2-0: Ball 3-0: Base on Balls
|
Batting: RHB Germán Alfaro
|
0-0: Called Strike 0-1: Ground out 5-3 (Groundball, 5S)
|
Bottom of the 8th over - 0 runs, 0 hits, 0 errors, 1 left on base; Pennsauken 0 - Phoenix 5 |
TOP OF THE 9TH |
Pennsauken Flyers batting - Pitching for Phoenix Hotspur Reserves : LHP José Santiago
|
Batting: RHB José Rodríguez
|
0-0: Called Strike 0-1: SINGLE (Line Drive, 6MD)
|
Batting: RHB Leo Cadden
|
0-0: Ball 1-0: Ball 2-0: Foul Ball, location: 2F 2-1: Called Strike 2-2: Foul Ball, location: 2F 2-2: Ball 3-2: Foul Ball, location: 2F 3-2: Base on Balls José Rodríguez to second
|
Batting: RHB Raúl Moreno
|
0-0: Ball 1-0: Ball 2-0: Ball 3-0: Called Strike 3-1: Foul Ball, location: 2F 3-2: 3-RUN HOME RUN (Flyball, 78XD), Distance : 415 ft
|
Pitching: RHP Dennis Dunn
|
|
Batting: LHB Arana Sashi
|
0-0: Called Strike 0-1: Foul Ball, location: 2F 0-2: Strikes out swinging
|
Batting: RHB Clarence Therrien
|
0-0: Called Strike 0-1: Ball 1-1: Ball 2-1: Foul Ball, location: 2F 2-2: Strikes out looking
|
Batting: SHB Chris Williamson
|
0-0: Ball 1-0: Called Strike 1-1: Ball 2-1: Reached on error, E4 (Groundball, 4)
|
Batting: RHB John Downing
|
0-0: Ball 1-0: Ball 2-0: Swinging Strike 2-1: Foul Ball, location: 2F 2-2: Fly out, F7 (Flyball, 78D)
|
Top of the 9th over - 3 runs, 2 hits, 1 error, 1 left on base; Pennsauken 3 - Phoenix 5 |
|